[Event "Titled Tuesday Blitz May 03 Early 2022"]
[White "Fernandez Siles, Luis"]
[Black "Gurevich, Dmitry"]
[WhiteFideId "2209420"]
[BlackFideId "2000407"]
[WhiteElo "2212"]
[BlackElo "2506"]
[Result "1/2-1/2"]
[Round "04"]
[TimeControl "180+1"]
[Date "2022.05.03"]
[WhiteClock "0:00:35"]
[BlackClock "0:00:17"]

1. e4 c5 2. Nf3 d6 3. Bb5+ Bd7 4. Bxd7+ Qxd7 5. O-O Nc6 6. c3 Nf6 7. Re1 e6 8. d4 cxd4 9. cxd4 d5 10. e5 Ne4 11. Nbd2 Nxd2 12. Bxd2 Be7 13. Rc1 O-O 14. Rc3 Rac8 15. a3 b6 16. h4 Na5 17. Rd3 Qb5 18. Bg5 Bxg5 19. Nxg5 h6 20. Nh3 Qxb2 21. Rg3 Kh8 22. Qg4 Rg8 23. Nf4 Rc1 24. Rxc1 Qxc1+ 25. Kh2 Qc2 26. Nh5 Qf5 27. Qxf5 exf5 28. Rc3 Nc4 29. Nf4 Rd8 30. Nxd5 Nxe5 31. dxe5 Rxd5 32. Rc7 Kg8 33. Rxa7 Rxe5 34. Rb7 b5 35. f4 Rd5 36. g3 h5 37. Kg2 g6 38. Kf2 Kg7 39. Rb6 Kf8 40. Rb7 Rc5 41. Kg2 Kg7 42. Rb6 Rc2+ 43. Kf1 Rb2 44. a4 b4 45. a5 b3 46. a6 Ra2 47. Rxb3 Rxa6 48. Kf2 Kf6 49. Re3 Re6 50. Rb3 Rd6 51. Rb7 Ke6 52. Kf3 Ra6 53. Kf2 Ra2+ 54. Kf3 Ra3+ 55. Kf2 Ra6 56. Kf3 Ra3+ 57. Kf2 Ra2+ 58. Kf3 Ra3+ 1/2-1/2


[Site "https://www.chess.com"]

[Event "Titled Tuesday Blitz May 03 Early 2022"]
[White "Grischuk, Alexander"]
[Black "Ismagambetov, Anuar"]
[WhiteFideId "4126025"]
[BlackFideId "13701525"]
[WhiteElo "2762"]
[BlackElo "2487"]
[Result "0-1"]
[Round "04"]
[TimeControl "180+1"]
[Date "2022.05.03"]
[WhiteClock "0:00:01"]
[BlackClock "0:00:08"]

1. d4 Nf6 2. c4 g6 3. Bg5 Bg7 4. Nc3 d6 5. e4 O-O 6. Qd2 c5 7. d5 a6 8. a4 e6 9. Bd3 Re8 10. Nf3 exd5 11. cxd5 Bg4 12. Ng1 c4 13. Bb1 Qb6 14. f3 Bc8 15. a5 Qc7 16. Nge2 Nbd7 17. O-O Nc5 18. Bc2 Bd7 19. Kh1 b5 20. axb6 Qxb6 21. Rfb1 Bb5 22. Be3 Nfd7 23. Bd4 Ne5 24. h3 Rab8 25. Ra3 Qd8 26. Rba1 Qh4 27. Qf4 Qe7 28. Qe3 Ncd3 29. R1a2 Qh4 30. Kh2 Ne1 31. Bd1 N1d3 32. Nxb5 axb5 33. Ra7 Bh6 34. Qg1 b4 35. R2a6 c3 36. bxc3 b3 37. Ra1 Bf4+ 38. Nxf4 Qxf4+ 39. Kh1 b2 40. Rb1 Qd2 41. Ba4 Rec8 42. Bc6 Nxc6 43. dxc6 Rxc6 44. Kh2 Qc1 45. Ra2 Qc2 46. Qf1 Ne5 47. Qe1 Nxf3+ 0-1


[Site "https://www.chess.com"]

[Event "Titled Tuesday Blitz May 03 Early 2022"]
[White "Hamley, Ryan"]
[Black "Keller, Peter"]
[WhiteFideId "30959497"]
[BlackFideId "1272105"]
[WhiteElo "2487"]
[BlackElo "2275"]
[Result "1-0"]
[Round "04"]
[TimeControl "180+1"]
[Date "2022.05.03"]
[WhiteClock "0:00:46"]
[BlackClock "0:00:18"]

1. e4 e5 2. Nf3 Nc6 3. d4 exd4 4. Nxd4 Nf6 5. Nxc6 bxc6 6. e5 Qe7 7. Qe2 Nd5 8. h4 a5 9. Nd2 Ba6 10. Qe4 Bxf1 11. Kxf1 g6 12. c4 Nb6 13. Nf3 Bg7 14. h5 O-O-O 15. Bd2 d5 16. Qg4+ Kb7 17. cxd5 Rxd5 18. Bc3 Rhd8 19. Re1 Rd1 20. hxg6 Rxe1+ 21. Bxe1 hxg6 22. Rh7 Bxe5 23. Qe4 f5 24. Rxe7 fxe4 25. Nxe5 1-0


[Site "https://www.chess.com"]

[Event "Titled Tuesday Blitz May 03 Early 2022"]
[White "Dronavalli, Harika"]
[Black "D`Arruda, Ricardo D."]
[WhiteFideId "5015197"]
[BlackFideId "100692"]
[WhiteElo "2382"]
[BlackElo "2408"]
[Result "1-0"]
[Round "04"]
[TimeControl "180+1"]
[Date "2022.05.03"]
[WhiteClock "0:01:27"]
[BlackClock "0:00:46"]

1. e4 c5 2. c3 e6 3. Nf3 d5 4. e5 Ne7 5. d4 Nbc6 6. Bd3 Nf5 7. O-O Be7 8. Bxf5 exf5 9. dxc5 Bxc5 10. b4 Be7 11. Nbd2 Be6 12. Nb3 O-O 13. Re1 Rc8 14. a3 h6 15. Bd2 g5 16. Nfd4 Kg7 17. h4 Qd7 18. Qh5 Nxd4 19. Nxd4 f4 20. Qe2 a6 21. Qd3 Rc4 22. h5 Bg4 23. e6 Bxe6 24. Nxe6+ fxe6 25. Qg6+ Kh8 26. Qxh6+ Kg8 27. Rxe6 Rc6 28. Rae1 Rf6 29. Qxg5+ Kf7 30. Rxe7+ Qxe7 31. Rxe7+ Kxe7 32. h6 1-0


[Site "https://www.chess.com"]

[Event "Titled Tuesday Blitz May 03 Early 2022"]
[White "Harshavardhan G B"]
[Black "Mohammadian, Mohammad"]
[WhiteFideId "25059009"]
[BlackFideId "12566055"]
[WhiteElo "1831"]
[BlackElo "1544"]
[Result "1-0"]
[Round "04"]
[TimeControl "180+1"]
[Date "2022.05.03"]
[WhiteClock "0:02:02"]
[BlackClock "0:01:12"]

1. e4 e5 2. Nc3 Nf6 3. Bc4 Bc5 4. d3 h6 5. f4 d6 6. f5 Nc6 7. a3 Bd7 8. Nh3 a6 9. Nf2 Bxf2+ 10. Kxf2 Nd4 11. Rf1 c6 12. Kg1 Qb6 13. Kh1 O-O 14. Be3 Qxb2 15. Bxd4 exd4 16. Na4 c5 17. Nxb2 b5 18. Ba2 Rab8 19. g4 b4 20. a4 a5 21. Rg1 Kh8 22. Qd2 Bc6 23. Rae1 Nd7 24. g5 h5 25. g6 fxg6 26. Rxg6 Rxf5 27. Bd5 Bxd5 28. exd5 Rxd5 29. Nc4 Nf6 30. Rxf6 gxf6 31. Qh6+ Kg8 32. Qg6+ Kf8 33. Qxf6+ 1-0


[Site "https://www.chess.com"]

[Event "Titled Tuesday Blitz May 03 Early 2022"]
[White "Hoffmann, Asa"]
[Black "Barria Zuniga, Daniel"]
[WhiteFideId "2001470"]
[BlackFideId "3400816"]
[WhiteElo "2117"]
[BlackElo "2414"]
[Result "0-1"]
[Round "04"]
[TimeControl "180+1"]
[Date "2022.05.03"]
[WhiteClock "0:00:03"]
[BlackClock "0:00:18"]

1. d4 g6 2. e4 Bg7 3. Be3 c5 4. c3 cxd4 5. cxd4 d5 6. e5 Nc6 7. Nc3 Nh6 8. h3 O-O 9. Nf3 Bf5 10. g4 Be4 11. Bg2 f6 12. Nxe4 dxe4 13. Nd2 f5 14. Nb3 Qd5 15. Qd2 Nf7 16. gxf5 gxf5 17. O-O-O Rfc8 18. Kb1 a5 19. Rhg1 a4 20. Nc5 b6 21. e6 bxc5 22. exf7+ Kxf7 23. dxc5 Qxd2 24. Rxd2 Rab8 25. Bf1 Na5 26. Be2 Bf6 27. f3 Rb4 28. fxe4 Rxe4 29. Bg5 Rg8 30. h4 h6 31. Bf3 hxg5 32. Bxe4 fxe4 33. hxg5 Rxg5 34. Rxg5 Bxg5 35. Rd4 e3 36. Rxa4 Nc6 37. Kc2 e5 38. Kd3 Nd4 39. Ra7+ Ke6 40. c6 e2 41. c7 Kd7 0-1


[Site "https://www.chess.com"]

[Event "Titled Tuesday Blitz May 03 Early 2022"]
[White "Itkis, Boris"]
[Black "Sirosh, Ilja"]
[WhiteFideId "1209167"]
[BlackFideId "4500458"]
[WhiteElo "2207"]
[BlackElo "2241"]
[Result "1/2-1/2"]
[Round "04"]
[TimeControl "180+1"]
[Date "2022.05.03"]
[WhiteClock "0:00:13"]
[BlackClock "0:00:08"]

1. Nf3 Nf6 2. b3 g6 3. Bb2 Bg7 4. d4 O-O 5. e3 b6 6. Nbd2 Bb7 7. Bd3 d6 8. O-O c5 9. c4 cxd4 10. exd4 d5 11. Qe2 dxc4 12. bxc4 Nc6 13. Nb3 e6 14. Rad1 Re8 15. Rfe1 Rc8 16. Ne5 Rc7 17. Nxc6 Bxc6 18. Nd2 Qa8 19. f3 Nh5 20. Qe3 Rd8 21. Ne4 Rcd7 22. Bf1 Nf6 23. d5 Nxe4 24. Bxg7 Kxg7 25. fxe4 Ba4 26. Rd2 Qb8 27. Rf2 Qe5 28. Qa3 exd5 29. Qxa4 dxe4 30. Qc2 f5 31. Qb2 Qxb2 32. Rxb2 Rd2 33. Rxd2 Rxd2 34. Re2 Rd1 35. Rc2 Kf6 36. c5 bxc5 37. Rxc5 e3 38. Rc2 Ke5 39. g3 g5 40. Kg2 f4 41. gxf4+ gxf4 42. Be2 Ra1 43. Kf3 h6 44. Rc5+ Kd4 45. Ra5 Rh1 46. Rxa7 Rxh2 47. Bb5 Rf2+ 48. Kg4 e2 49. Bxe2 Rxe2 50. Kxf4 Re4+ 51. Kg3 Re3+ 52. Kh4 Re4+ 53. Kh5 Re6 54. a4 Kc4 55. a5 Kb5 56. a6 Rxa6 57. Rxa6 Kxa6 58. Kxh6 1/2-1/2


[Site "https://www.chess.com"]

[Event "Titled Tuesday Blitz May 03 Early 2022"]
[White "Jakubiec, Artur"]
[Black "Vovk, Orest"]
[WhiteFideId "1103261"]
[BlackFideId "14113490"]
[WhiteElo "2473"]
[BlackElo "2203"]
[Result "1/2-1/2"]
[Round "04"]
[TimeControl "180+1"]
[Date "2022.05.03"]
[WhiteClock "0:00:52"]
[BlackClock "0:00:08"]

1. f4 Nf6 2. Nf3 h6 3. Ng1 g5 4. d4 g4 5. c4 d5 6. Nc3 c6 7. e3 Bf5 8. Qb3 Qb6 9. Nge2 e6 10. Ng3 Bg6 11. Bd2 Qxb3 12. axb3 Bb4 13. Na4 Bxd2+ 14. Kxd2 Nbd7 15. Bd3 Bxd3 16. Kxd3 h5 17. h4 gxh3 18. Rxh3 Ke7 19. Rah1 Rag8 20. Nc3 h4 21. Nge2 Rxg2 22. Rxh4 Rxh4 23. Rxh4 Ng4 24. Rh7 Ndf6 25. Rh8 Nf2+ 26. Kd2 N6e4+ 27. Ke1 Nd3+ 28. Kf1 Rf2+ 29. Kg1 Nxb2 30. Rb8 Rf3 31. Rxb7+ Kf8 32. Nxe4 dxe4 33. Rc7 Rxe3 34. Kf2 Nd1+ 35. Ke1 Nc3 36. Kd2 Rd3+ 37. Ke1 Nxe2 38. Kxe2 Rxb3 39. Rxc6 Rd3 40. Rc7 a5 41. f5 Rxd4 42. fxe6 fxe6 43. Ke3 Rd1 44. Kxe4 a4 45. Ke5 a3 46. Ra7 Ra1 47. Kf6 Kg8 48. Kg6 Kf8 49. Kf6 Kg8 50. Kg6 Kf8 51. Kf6 1/2-1/2


[Site "https://www.chess.com"]

[Event "Titled Tuesday Blitz May 03 Early 2022"]
[White "Jaracz, Pawel"]
[Black "Pein, Jonathan"]
[WhiteFideId "1102222"]
[BlackFideId "417092"]
[WhiteElo "2429"]
[BlackElo "2140"]
[Result "1-0"]
[Round "04"]
[TimeControl "180+1"]
[Date "2022.05.03"]
[WhiteClock "0:01:16"]
[BlackClock "0:01:36"]

1. d4 Nf6 2. c4 e6 3. Nf3 Bb4+ 4. Bd2 Qe7 5. g3 Bxd2+ 6. Qxd2 d6 7. Nc3 O-O 8. Bg2 Nc6 9. d5 Nd8 10. O-O e5 11. Rac1 a5 12. a3 Bf5 13. b4 axb4 14. axb4 Ne4 15. Nxe4 Bxe4 16. c5 f5 17. Rc3 Nf7 18. Rfc1 Rfd8 19. cxd6 Qxd6 20. Rxc7 Qxd5 21. Qc3 Ra2 22. Rc8 1-0


[Site "https://www.chess.com"]

[Event "Titled Tuesday Blitz May 03 Early 2022"]
[White "Jian, Alex"]
[Black "Ratnakaran, K."]
[WhiteFideId "30901022"]
[BlackFideId "5005507"]
[WhiteElo "2111"]
[BlackElo "2407"]
[Result "0-1"]
[Round "04"]
[TimeControl "180+1"]
[Date "2022.05.03"]
[WhiteClock "0:00:09"]
[BlackClock "0:01:18"]

1. d4 f5 2. g3 Nf6 3. Bg2 e6 4. Nf3 d5 5. O-O Bd6 6. c4 c6 7. b3 O-O 8. Ba3 Bxa3 9. Nxa3 f4 10. gxf4 Qd6 11. Qc1 Ne4 12. Ne5 Nd7 13. Nb1 c5 14. dxc5 Nexc5 15. Nxd7 Bxd7 16. cxd5 exd5 17. e3 Rf6 18. Nd2 Rg6 19. Kh1 Rxg2 20. Kxg2 Bc6 21. f3 Re8 22. Qc3 Ne6 23. Rad1 d4 24. Ne4 Qb8 25. Qc4 dxe3 26. f5 e2 27. fxe6 exd1=Q 28. Rxd1 Kh8 29. Nd6 h6 30. Nxe8 Qxe8 31. Re1 Qg6+ 32. Kf2 Qf6 33. Qe2 Qh4+ 34. Kg2 Qg4+ 35. Kf2 Qh3 36. Kg1 Bxf3 37. Qf2 Qg4+ 38. Kf1 Be4 39. e7 Bd3+ 40. Re2 Bb5 41. Ke1 Qb4+ 42. Kf1 Qxe7 43. Qf3 Qxe2+ 44. Qxe2 Bxe2+ 45. Kxe2 g5 46. Kf3 Kg7 47. Kg4 Kg6 48. h4 h5+ 49. Kg3 g4 50. Kf4 Kf6 51. b4 b5 52. a3 Ke6 53. Ke4 a6 54. Kf4 Kd5 55. Kg5 g3 56. Kxh5 g2 57. Kh6 g1=Q 58. h5 Ke6 59. Kh7 Kf7 60. Kh6 Qg7# 0-1


[Site "https://www.chess.com"]

[Event "Titled Tuesday Blitz May 03 Early 2022"]
[White "Johnson, Ben"]
[Black "Rom, Jasper"]
[WhiteFideId "2010917"]
[BlackFideId "2023733"]
[WhiteElo "2205"]
[BlackElo "2233"]
[Result "0-1"]
[Round "04"]
[TimeControl "180+1"]
[Date "2022.05.03"]
[WhiteClock "0:00:09"]
[BlackClock "0:00:04"]

1. Nf3 d5 2. e3 e6 3. c4 Nf6 4. Nc3 c6 5. b3 Nbd7 6. Bb2 Bd6 7. Rg1 O-O 8. g4 e5 9. g5 Ne4 10. Nxe4 dxe4 11. Nh4 Nc5 12. Qc2 a5 13. f3 f5 14. fxe4 fxe4 15. O-O-O Rf2 16. Rg2 Qf8 17. Be2 Rxg2 18. Nxg2 Qf2 19. Bf1 Bh3 20. d4 Qxc2+ 21. Kxc2 Nd3 22. dxe5 Bxe5 23. Bxe5 Nxe5 24. Nf4 Bg4 25. Be2 Bf5 26. c5 Kf7 27. h4 Ke7 28. Bf1 Nd7 29. Nh5 Bg4 30. Rxd7+ Kxd7 31. Nxg7 Rf8 32. Bc4 Rf2+ 33. Kc3 Ke7 34. h5 Rf3 35. g6 hxg6 36. h6 Rh3 37. Kd4 Rxh6 38. Kxe4 Rh7 39. Kf4 Bd7 40. Kg5 Rxg7 41. Kh6 Kf8 42. e4 Be8 43. e5 Bf7 44. Kg5 Bxc4 45. bxc4 Re7 46. e6 Rxe6 0-1


[Site "https://www.chess.com"]

[Event "Titled Tuesday Blitz May 03 Early 2022"]
[White "Jumabayev, Rinat"]
[Black "Bortnyk, Olexandr"]
[WhiteFideId "13702661"]
[BlackFideId "14120828"]
[WhiteElo "2561"]
[BlackElo "2723"]
[Result "1/2-1/2"]
[Round "04"]
[TimeControl "180+1"]
[Date "2022.05.03"]
[WhiteClock "0:00:04"]
[BlackClock "0:00:43"]

1. d4 d6 2. Nf3 Nf6 3. Bf4 g6 4. e3 Bg7 5. Be2 c5 6. c3 Qb6 7. Qb3 Be6 8. Qxb6 axb6 9. a3 Nc6 10. Nbd2 O-O 11. O-O Rfc8 12. Rfc1 h6 13. h3 g5 14. Bh2 Na5 15. Bd3 Nb3 16. Nxb3 Bxb3 17. Nd2 Be6 18. Kf1 Nd5 19. Ke2 Nc7 20. f4 Bd7 21. g4 b5 22. Nf3 Bf6 23. e4 cxd4 24. cxd4 Ne6 25. e5 dxe5 26. fxe5 Bg7 27. Be4 Ra4 28. Ke3 Rxc1 29. Rxc1 b4 30. Bc2 Ra6 31. axb4 Rb6 32. d5 Nf4 33. Be4 Rxb4 34. Rc7 Rb3+ 35. Kd2 Rxb2+ 36. Kc1 Rb4 37. Bc2 Ba4 38. Rc8+ Bf8 39. Bxa4 Rxa4 40. d6 exd6 41. exd6 Ne6 42. d7 Ra3 43. Bd6 Rd3 44. Bxf8 Rxd7 45. Bb4+ Kh7 46. Bc3 Rd3 47. Rh8+ Kg6 48. Ne5+ Kg7 49. Nxd3+ f6 50. Rb8 Kg6 51. Rxb7 h5 52. Rb6 Kf7 53. Rxe6 Kxe6 54. Nf2 hxg4 55. hxg4 f5 56. Kd2 fxg4 57. Nxg4 Kf5 58. Ne3+ Kf4 59. Ke2 g4 60. Be1 g3 61. Ng2+ Ke4 62. Bxg3 Kd4 63. Nf4 Ke4 64. Bh2 Kd4 65. Kf3 Kc4 66. Bg1 Kc3 67. Be3 Kc4 68. Ke4 Kb5 69. Nd5 Kc6 70. Bd4 Kd6 71. Ne3 Kc6 72. Nf5 Kb5 73. Kd5 Kb4 74. Ne3 Kb3 75. Kc5 Ka4 76. Kc4 Ka5 77. Bc5 Ka6 78. Nd5 Kb7 79. Kb5 Kc8 80. Kc6 Kd8 81. Nc7 Kc8 82. Nd5 Kb8 83. Bd6+ Kc8 84. Nb6+ Kd8 85. Nd5 Ke8 86. Nc7+ Kf7 87. Be5 Kg6 88. Kd5 Kf5 89. Nb5 Kg4 90. Nd4 Kh3 91. Ke4 Kg2 92. Bf4 Kf2 93. Be3+ Kg2 94. Kf4 Kh3 95. Kf3 Kh4 96. Kf4 Kh3 97. Bf2 Kg2 98. Ke3 Kh3 99. Kf3 Kh2 100. Ne2 Kh3 101. Nf4+ Kh2 102. Bg3+ Kh1 103. Bf2 Kh2 104. Be3 Kh1 105. Ne2 Kh2 106. Nd4 Kh3 107. Nf5 Kh2 108. Ng3 Kh3 109. Bg1 Kh4 110. Ne4 Kh3 111. Ng5+ Kh4 112. Kf4 1/2-1/2


[Site "https://www.chess.com"]

[Event "Titled Tuesday Blitz May 03 Early 2022"]
[White "Kamsky, Gata"]
[Black "Trost, Edvin"]
[WhiteFideId "2000024"]
[BlackFideId "1729519"]
[WhiteElo "2645"]
[BlackElo "2160"]
[Result "1-0"]
[Round "04"]
[TimeControl "180+1"]
[Date "2022.05.03"]
[WhiteClock "0:00:36"]
[BlackClock "0:01:25"]

1. d4 Nf6 2. Nf3 d5 3. Bf4 c5 4. e3 Nc6 5. Nbd2 e6 6. c3 Be7 7. h4 h6 8. Ne5 Nxe5 9. dxe5 Nd7 10. Qg4 Bf8 11. Bd3 b6 12. h5 Bb7 13. O-O Qc8 14. e4 Qc7 15. exd5 Bxd5 16. Rfe1 O-O-O 17. Ba6+ Kb8 18. c4 Bc6 19. a4 g5 20. hxg6 Rg8 21. f3 Rxg6 22. Qh4 Bg7 23. a5 Bxe5 24. Rxe5 Nxe5 25. Bxe5 1-0


[Site "https://www.chess.com"]

[Event "Titled Tuesday Blitz May 03 Early 2022"]
[White "Kanyamarala, Tarun"]
[Black "Manukian, Artak"]
[WhiteFideId "45004714"]
[BlackFideId "13301373"]
[WhiteElo "2177"]
[BlackElo "2372"]
[Result "1-0"]
[Round "04"]
[TimeControl "180+1"]
[Date "2022.05.03"]
[WhiteClock "0:01:10"]
[BlackClock "0:00:17"]

1. d4 Nf6 2. Nc3 d5 3. Bf4 a6 4. e3 b5 5. h4 Bb7 6. g4 Nbd7 7. Qf3 Ne4 8. Nxe4 dxe4 9. Qg3 c5 10. Bc7 Qc8 11. dxc5 Nxc5 12. O-O-O Ne6 13. Be5 Qc5 14. Ne2 Rc8 15. c3 f6 16. Bd4 Nxd4 17. exd4 Qd5 18. Kb1 e5 19. Bg2 Be7 20. dxe5 Qxe5 21. Qxe5 fxe5 22. Ng3 O-O 23. Rd7 Rxf2 24. Rg1 Bxh4 25. Nf5 Bc6 26. Rxg7+ Kh8 27. Ra7 Bg5 28. Rh1 Rxg2 29. Rhxh7+ Kg8 30. Rag7+ Kf8 31. Rh8# 1-0


[Site "https://www.chess.com"]

[Event "Titled Tuesday Blitz May 03 Early 2022"]
[White "Karolczuk, Iwo"]
[Black "Sztokbant, Bernardo Vainzoff"]
[WhiteFideId "21816972"]
[BlackFideId "2115956"]
[WhiteElo "2277"]
[BlackElo "2225"]
[Result "1-0"]
[Round "04"]
[TimeControl "180+1"]
[Date "2022.05.03"]
[WhiteClock "0:00:06"]
[BlackClock "0:00:04"]

1. d4 Nf6 2. c4 c6 3. d5 d6 4. Nc3 e6 5. dxe6 Bxe6 6. e4 g6 7. Nf3 Bg7 8. Nd4 Bc8 9. g3 O-O 10. Bg2 Re8 11. O-O Na6 12. Re1 Nc5 13. h3 a5 14. b3 Qc7 15. Bb2 Bd7 16. Qd2 Rad8 17. Rad1 Bc8 18. f4 Nh5 19. Kh2 Bh6 20. Qf2 Ne6 21. Nxe6 Bxe6 22. Ne2 d5 23. f5 Bc8 24. cxd5 cxd5 25. e5 Qc2 26. e6 fxe6 27. fxg6 hxg6 28. Be5 Rf8 29. Qd4 Bg7 30. Bxg7 Nxg7 31. Nf4 Nf5 32. Qe5 Qf2 33. Nxg6 Kh7 34. Nxf8+ Rxf8 35. Rf1 Qc2 36. Rde1 Rg8 37. g4 Nh6 38. Re2 Qg6 39. Ref2 Bd7 40. Rf6 Qg7 41. R1f2 Kh8 42. Qh5 Kh7 43. Bf1 Be8 44. Bd3+ Bg6 45. Bxg6+ Qxg6 46. Rxg6 Rxg6 47. Rf7+ Kg8 48. Qxg6+ 1-0


[Site "https://www.chess.com"]

[Event "Titled Tuesday Blitz May 03 Early 2022"]
[White "Karthikeyan, Murali"]
[Black "Sjugirov, Sanan"]
[WhiteFideId "5074452"]
[BlackFideId "4189302"]
[WhiteElo "2579"]
[BlackElo "2602"]
[Result "1-0"]
[Round "04"]
[TimeControl "180+1"]
[Date "2022.05.03"]
[WhiteClock "0:00:07"]
[BlackClock "0:00:05"]

1. e4 e5 2. Nf3 Nc6 3. Bb5 a6 4. Bxc6 dxc6 5. O-O Bg4 6. h3 h5 7. d3 Qf6 8. Be3 Bxf3 9. Qxf3 Qxf3 10. gxf3 Bd6 11. Nd2 Ne7 12. Kh2 f5 13. Nc4 b5 14. Nxd6+ cxd6 15. f4 exf4 16. Bxf4 d5 17. exd5 Nxd5 18. Bd2 Kf7 19. Rae1 Rhe8 20. Kg3 g6 21. h4 Nc7 22. Bf4 Ne6 23. Be5 Rad8 24. f4 c5 25. Kf2 c4 26. dxc4 bxc4 27. Rd1 Nc5 28. b4 Ne4+ 29. Ke3 Ke6 30. Rg1 Kf7 31. a4 Rxd1 32. Rxd1 Nf6 33. Kf3 Ng4 34. Bd4 Rd8 35. c3 Nf6 36. b5 axb5 37. axb5 Ne4 38. b6 Nxc3 39. Rd2 Ne4 40. Rd1 Nc3 41. Rd2 Nb5 42. Be3 Rxd2 43. Bxd2 Nd6 44. Bb4 Nb7 45. Ke3 Ke6 46. Kd4 Kd7 47. Kd5 Nd8 48. Kxc4 Kc6 49. Bc5 Ne6 50. Be3 Nf8 51. Kd4 Nd7 52. b7 Kxb7 53. Kd5 Nf6+ 54. Ke6 Ne4 55. Kf7 Nc3 56. Kxg6 Nd5 57. Bd2 Kc6 58. Kxh5 Kd6 59. Kg6 Ke6 60. h5 Ne7+ 61. Kg7 1-0


[Site "https://www.chess.com"]

[Event "Titled Tuesday Blitz May 03 Early 2022"]
[White "Kashtanov, Ruslan"]
[Black "Korchmar, Vasiliy"]
[WhiteFideId "4124871"]
[BlackFideId "24131750"]
[WhiteElo "2168"]
[BlackElo "2370"]
[Result "1-0"]
[Round "04"]
[TimeControl "180+1"]
[Date "2022.05.03"]
[WhiteClock "0:00:08"]
[BlackClock "0:00:02"]

1. d4 Nf6 2. g3 d5 3. Bg2 g6 4. Nf3 Bg7 5. c4 c6 6. O-O O-O 7. Qb3 a5 8. Nc3 a4 9. Qb4 dxc4 10. Qxc4 Be6 11. Qb4 Nd5 12. Qxb7 Na6 13. Nxd5 Bxd5 14. Bf4 c5 15. Qb5 cxd4 16. Rfd1 e6 17. Nxd4 a3 18. Bxd5 axb2 19. Rab1 exd5 20. Rxb2 Nc7 21. Bxc7 Qxc7 22. Rc2 Qe5 23. Nc6 Qe4 24. Qd3 Qa4 25. Rdd2 d4 26. Nxd4 Rad8 27. e3 h5 28. h4 Bxd4 29. exd4 Rd5 30. Qc4 Qd7 31. Qc6 Qf5 32. Rc5 Qb1+ 33. Kg2 Rdd8 34. d5 Qe4+ 35. Kh2 Rb8 36. Rcc2 Rb1 37. Rc1 Rfb8 38. d6 1-0


[Site "https://www.chess.com"]

[Event "Titled Tuesday Blitz May 03 Early 2022"]
[White "Kazakouski, Valery"]
[Black "Jakubowski, Krzysztof"]
[WhiteFideId "13507443"]
[BlackFideId "1112848"]
[WhiteElo "2524"]
[BlackElo "2365"]
[Result "1-0"]
[Round "04"]
[TimeControl "180+1"]
[Date "2022.05.03"]
[WhiteClock "0:00:04"]
[BlackClock "0:00:18"]

1. d4 d5 2. c4 c6 3. cxd5 cxd5 4. Nc3 Nf6 5. Bg5 e6 6. e3 a6 7. Bd3 b5 8. Rc1 Be7 9. f4 Bb7 10. Nf3 Nbd7 11. O-O Ne4 12. Bxe7 Qxe7 13. Nxe4 dxe4 14. Rc7 exf3 15. Rxb7 fxg2 16. Kxg2 O-O 17. Qh5 g6 18. Qh6 Rfb8 19. Rxb8+ Rxb8 20. Rc1 Nf6 21. Qg5 Rd8 22. Qc5 Qb7+ 23. Qc6 Qb8 24. Qxa6 Nd5 25. Kf3 Kg7 26. a3 Nxf4 27. exf4 Rxd4 28. Be4 g5 29. fxg5 Qxh2 30. Qc6 Rd2 31. Kg4 Qe2+ 32. Bf3 Rd4+ 33. Kg3 Qe5+ 34. Kh3 Qf5+ 35. Kg2 Rd2+ 36. Kf1 Qxg5 37. Qc3+ e5 38. Rc2 Rd4 39. Rg2 1-0


[Site "https://www.chess.com"]

[Event "Titled Tuesday Blitz May 03 Early 2022"]
[White "Kim, Sergey"]
[Black "Gharibyan, Mamikon"]
[WhiteFideId "13700570"]
[BlackFideId "13308300"]
[WhiteElo "2575"]
[BlackElo "2254"]
[Result "0-1"]
[Round "04"]
[TimeControl "180+1"]
[Date "2022.05.03"]
[WhiteClock "0:00:05"]
[BlackClock "0:00:20"]

1. d4 d5 2. c4 e6 3. Nc3 Nf6 4. Nf3 Bb4 5. e3 O-O 6. Bd3 c5 7. O-O Nc6 8. a3 Ba5 9. cxd5 exd5 10. h3 Re8 11. Bd2 cxd4 12. exd4 h6 13. Qc2 Be6 14. Rfe1 Rc8 15. Qb3 Bb6 16. Be3 Na5 17. Qc2 Nc4 18. Bc1 Nd6 19. Bf4 Nde4 20. Rac1 Bc7 21. Ne5 Nxc3 22. bxc3 Bd6 23. Qb3 Qa5 24. a4 Rc7 25. Ng6 Rd8 26. Bxd6 Rxd6 27. Ne5 Rd8 28. Rc2 Rdc8 29. Rec1 Nd7 30. Nxd7 Rxd7 31. Qb4 Qd8 32. Bf1 Qg5 33. Kh1 Rdc7 34. a5 h5 35. Qd6 h4 36. Rb1 Rxc3 37. Rxc3 Rxc3 38. Qb8+ Kh7 39. Qxb7 Qf4 40. Qb2 Qxd4 41. Rc1 Rxh3+ 0-1


[Site "https://www.chess.com"]

[Event "Titled Tuesday Blitz May 03 Early 2022"]
[White "Kohler, Aran"]
[Black "Melian, Juan Sebastian"]
[WhiteFideId "1002856"]
[BlackFideId "3706575"]
[WhiteElo "2297"]
[BlackElo "1842"]
[Result "1/2-1/2"]
[Round "04"]
[TimeControl "180+1"]
[Date "2022.05.03"]
[WhiteClock "0:00:07"]
[BlackClock "0:00:15"]

1. e4 c6 2. d4 d5 3. e5 Bf5 4. Nc3 e6 5. g4 Bg6 6. Nge2 h6 7. Be3 Nd7 8. f4 c5 9. f5 exf5 10. Nf4 cxd4 11. Nxg6 fxg6 12. Bxd4 Qh4+ 13. Bf2 Qxg4 14. Qxd5 Ne7 15. Qxb7 Rb8 16. Qxa7 Rxb2 17. e6 Nb8 18. Bb5+ Rxb5 19. Nxb5 Qe4+ 20. Kd2 Qd5+ 21. Nd4 Nec6 22. c3 Be7 23. Qa4 O-O 24. Rhe1 f4 25. Kc2 f3 26. Rad1 Rc8 27. Nxc6 Qxc6 28. Qxc6 Nxc6 29. Rd7 g5 30. h3 h5 31. Re4 Kh7 32. Kd3 g4 33. hxg4 hxg4 34. Bd4 g3 35. Rg4 f2 36. Ke2 Nxd4+ 37. Rgxd4 Bf6 38. Rf4 Rxc3 39. Rxf6 Rc2+ 40. Kf1 Rc1+ 41. Kg2 Rg1+ 42. Kh3 f1=Q+ 43. Rxf1 Rxf1 44. Kxg3 Re1 45. e7 Kg6 46. a4 Kf7 47. a5 Ra1 48. e8=Q+ Kxe8 49. Rd5 Ke7 50. Kf4 Ke6 51. Rb5 Kd6 52. Rb6+ Kc7 53. Rb5 Kc6 54. Rg5 Kb7 55. Ke3 Ka6 56. Kd4 Rxa5 57. Rg6+ Kb5 58. Rxg7 Ka4 59. Kc4 Ra8 60. Rg1 Rc8+ 61. Kd5 Kb3 62. Rb1+ Ka2 63. Rb6 Rc2 64. Rc6 Rd2+ 65. Kc5 Kb3 66. Kb6 Kb4 67. Kb7 Rg2 68. Rc7 Kb5 69. Ka7 Rg6 70. Kb7 Rg8 71. Ka7 Rg1 72. Kb7 Ra1 73. Rf7 Re1 74. Rf5+ Kc4 75. Rf7 Kd5 76. Rg7 Kd6 77. Rg6+ Ke7 78. Rb6 Kd7 79. Ka6 Kc7 80. Rb7+ Kc6 81. Rb6+ Kc5 82. Rb5+ Kc4 83. Rb7 Re6+ 84. Ka7 Kc5 85. Rc7+ Kb5 86. Rb7+ Ka5 87. Rc7 Ra6+ 88. Kb7 Rb6+ 89. Kc8 Rb2 90. Ra7+ Kb4 91. Rb7+ Ka3 92. Rxb2 Kxb2 1/2-1/2


[Site "https://www.chess.com"]

[Event "Titled Tuesday Blitz May 03 Early 2022"]
[White "Kollars, Dmitrij"]
[Black "Seo, Jung Min"]
[WhiteFideId "12909572"]
[BlackFideId "1734687"]
[WhiteElo "2584"]
[BlackElo "2401"]
[Result "1-0"]
[Round "04"]
[TimeControl "180+1"]
[Date "2022.05.03"]
[WhiteClock "0:00:20"]
[BlackClock "0:00:57"]

1. e4 c6 2. Nf3 d5 3. d3 dxe4 4. dxe4 Qxd1+ 5. Kxd1 Nf6 6. Nfd2 g5 7. a4 h5 8. Nc3 Nbd7 9. Nc4 Rg8 10. f3 Nb6 11. Be3 Nxc4 12. Bxc4 Nd7 13. Ke2 Ne5 14. Bb3 Rg6 15. a5 Be6 16. Bxe6 Rxe6 17. Bxg5 Rg6 18. Bf4 Nc4 19. g3 Bg7 20. Nd1 O-O-O 21. Ra4 Nxb2 22. Nxb2 Bxb2 23. Rb1 Bd4 24. Rab4 b6 25. axb6 axb6 26. Be3 Bxe3 27. Kxe3 b5 28. c4 bxc4 29. Rxc4 Rgd6 30. Rb3 Kd7 31. Rc5 Rh8 32. Rb7+ Ke6 33. Kf4 f6 34. h4 Rh7 35. Rc7 Rh8 36. R7xc6 Rxc6 37. Rxc6+ Kf7 38. e5 fxe5+ 39. Kxe5 Rg8 40. Kf4 e6 41. g4 Rh8 42. Kg5 hxg4 43. fxg4 e5 44. h5 e4 45. Kf4 Re8 46. Rc3 Kf6 47. Re3 Re5 48. Rxe4 Ra5 49. Rb4 Ra6 50. g5+ Kg7 51. Kg4 Rc6 52. Rb7+ Kg8 53. h6 Ra6 54. Kh5 Rc6 55. Rb8+ Kh7 56. g6+ 1-0


[Site "https://www.chess.com"]